Map: Piliers d'or EC

Players

AGOElazer (Elazer)

  • Race: Zerg Zerg
  • League: Master
  • Spawn Location: 1:00

Denver - Winner!

  • Race: Zerg Zerg
  • League: Grandmaster
  • Spawn Location: 7:00

Event: DreamHack SC2 Masters 2020 Fall

VOD

Have the link to the VOD?

Description

Time

  • Played on: Sept. 6, 2020, 2:23 p.m.
  • Length: 16:05

All games in this series

Show
View Real Time Build Order
Export as new Build Order

AGOElazer Zerg 

Build Orders: 1 Base Baneling Bust, Pool First, Zergling Baneling 

Get SALT Encoding   

  12  0:12  Extractor  
  11  0:20  Spawning Pool  
  10  0:26  Drone  
  11  0:31  Drone  
  12  0:37  Drone  
  13  0:50  Overlord  
  13  1:07  Zergling x2  
  13  1:08  Zergling x2  
  13  1:09  Zergling x2  
  16  1:15  Metabolic Boost  
  16  1:21  Zergling x2  
  17  1:33  Baneling Nest  
  17  1:37  Zergling x2  
  17  1:44  Zergling x2  
  18  1:55  Zergling x2  
  19  2:05  Zergling x2  
  20  2:14  Zergling x2  
  21  2:18  Baneling x2  
  21  2:26  Zergling x2  
  22  2:34  Baneling x2  
  22  2:48  Zergling x2  
  22  2:52  Baneling x2  
  18  3:07  Zergling x6  
  19  3:18  Zergling x2  
  19  3:25  Hatchery  
  18  3:30  Baneling  
  18  3:32  Zergling x2  
  19  3:45  Zergling x2  
  20  3:52  Baneling x3  
  20  3:53  Zergling x2  
  21  4:03  Overlord  
  18  4:17  Drone  
  18  4:19  Queen  
  18  4:22  Drone  
  22  4:35  Drone  
  22  4:38  Drone  
  21  4:45  Drone  
  21  4:51  Drone  
  22  4:54  Queen  
  22  4:58  Drone  
  24  5:01  Drone  
  24  5:05  Drone  
  26  5:11  Drone  
  27  5:16  Drone  
  27  5:20  Drone  
  29  5:27  Drone x3  
  31  5:36  Drone  
  32  5:44  Drone x2  
  35  5:50  Zergling x2  
  34  5:57  Zergling x2  
  34  6:03  Zergling x2  
  36  6:06  Overlord  
  36  6:08  Queen  
  36  6:25  Overlord  
  36  6:26  Drone x4  
  36  6:30  Hatchery  
  36  6:32  Drone  
  40  6:33  Lair  
  40  6:39  Zergling x2  
  41  6:43  Overlord  
  41  6:49  Drone x3  
  41  6:53  Drone x2  
  45  6:57  Drone x3  
  48  7:07  Drone x2  
  50  7:12  Extractor  
  50  7:15  Roach Warren, Zergling x2  
  49  7:19  Overlord  
  49  7:25  Zergling x12  
  49  7:26  Queen  
  57  7:32  Overlord  
  57  7:35  Queen  
  59  7:37  Overlord  
  59  7:46  Nydus Network  
  59  7:51  Overlord  
  58  7:55  Roach x3  
  58  7:57  Roach  
  66  8:00  Roach  
  66  8:01  Roach  
  66  8:05  Roach  
  71  8:07  Roach  
  71  8:10  Roach  
  71  8:12  Glial Reconstitution  
  73  8:17  Roach  
  75  8:22  Extractor  
  75  8:23  Overlord  
  74  8:37  Nydus Canal  
  74  8:41  Roach  
  74  8:42  Roach x2  
  74  8:45  Overlord  
  74  8:47  Roach  
  82  8:50  Roach  
  84  8:59  Nydus Canal  
  84  9:02  Roach  
  86  9:06  Roach  
  86  9:09  Drone x7  
  93  9:18  Nydus Canal  
  90  9:24  Drone  
  90  9:25  Drone x2  
  90  9:28  Evolution Chamber  
  94  9:31  Roach x3  
  94  9:43  Roach x3  
  100  9:50  Extractor, Overlord  
  100  9:52  Roach  
  101  9:54  Zerg Missile Weapons Level 1  
  101  9:58  Roach x2  
  105  10:07  Roach x2  
  105  10:09  Roach  
  105  10:18  Roach x5  
  111  10:25  Roach x3  
  117  10:32  Roach x2  
  117  10:34  Overlord x2  
  121  10:40  Overseer  
  121  10:42  Overlord  
  121  10:49  Overlord  
  121  10:53  Overlord  
  121  10:54  Roach x3  
  127  10:59  Drone x6  
  127  11:00  Extractor  
  132  11:07  Nydus Canal  
  132  11:08  Roach x4  
  140  11:13  Roach x2  
  144  11:21  Roach x3  
  145  11:30  Roach x3  
  136  11:36  Roach x2  
  121  11:40  Roach x2  
  121  11:46  Roach x3  
  122  12:01  Roach  
  122  12:02  Roach x4  
  126  12:10  Drone  
  126  12:11  Drone x5  
  132  12:17  Zerg Missile Weapons Level 2  
  132  12:19  Drone x2  
  134  12:23  Tunneling Claws  
  134  12:27  Burrow  
  136  12:30  Roach  
  136  12:34  Ravager  
  136  12:36  Ravager  
  138  12:38  Roach x2  
  138  12:43  Roach x3  
  148  12:49  Roach x2  
  152  12:54  Roach x2  
  152  12:57  Nydus Canal  
  150  13:08  Roach x5  
  144  13:16  Roach x4  
  130  13:22  Roach x2  
  130  13:25  Roach  
  113  13:28  Roach x2  
  113  13:33  Roach x3  
  113  13:34  Roach x3  
  111  13:38  Nydus Canal  
  111  13:40  Roach  
  111  13:41  Roach x8  
  119  13:45  Roach x2  
  119  13:46  Roach x6  
  113  13:53  Nydus Canal  
  108  14:03  Roach x9  
  108  14:07  Roach x5  
  124  14:10  Roach  
  124  14:11  Roach  
  124  14:16  Roach x11  
  114  14:18  Roach x6  
  114  14:23  Roach x2  
  119  14:27  Roach  
  117  14:34  Roach x3  
  119  14:39  Roach  
  119  14:40  Roach x2  
  111  14:51  Roach x5  
  101  15:00  Roach x2  
  93  15:11  Roach x4  
  85  15:17  Roach  
  85  15:18  Roach  
  85  15:21  Roach  
  91  15:27  Roach  
  91  15:28  Roach  
  95  15:32  Roach  
Show
View Real Time Build Order
Export as new Build Order

Denver Zerg - Winner!

Build Orders: Hatch First 

Get SALT Encoding   

  12  0:01  Drone  
  13  0:13  Overlord  
  13  0:18  Drone  
  14  0:32  Drone x2  
  16  0:51  Hatchery  
  16  0:55  Drone  
  16  0:59  Drone  
  16  1:02  Drone  
  18  1:12  Extractor  
  18  1:18  Spawning Pool  
  16  1:21  Drone  
  16  1:25  Drone  
  18  1:31  Drone  
  19  1:41  Drone  
  20  1:52  Drone  
  21  2:02  Overlord  
  21  2:05  Queen x2, Zergling x2  
  26  2:14  Spine Crawler  
  25  2:20  Spine Crawler  
  25  2:22  Zergling x2  
  25  2:28  Spine Crawler, Zergling x2  
  26  2:38  Spine Crawler  
  24  2:48  Zergling x4  
  19  3:08  Drone  
  19  3:11  Queen  
  20  3:16  Drone  
  20  3:18  Drone  
  20  3:25  Zergling x2  
  20  3:28  Zergling x2  
  21  3:34  Zergling x2  
  21  3:39  Zergling x2  
  21  3:41  Zergling x2  
  24  3:48  Metabolic Boost  
  23  4:02  Drone  
  23  4:18  Drone x3  
  26  4:27  Hatchery  
  25  4:32  Zergling x2  
  26  4:38  Queen  
  26  4:42  Baneling Nest  
  22  4:57  Hatchery  
  20  5:01  Zergling x2  
  20  5:06  Zergling x2  
  22  5:18  Baneling Nest  
  22  5:21  Zergling x4  
  24  5:24  Drone  
  24  5:37  Overlord  
  24  5:55  Queen  
  24  5:56  Drone  
  26  6:03  Drone x3  
  28  6:10  Drone, Queen  
  30  6:16  Drone  
  31  6:20  Drone  
  31  6:27  Drone  
  31  6:28  Drone x3  
  31  6:30  Overlord  
  35  6:38  Lair  
  35  6:41  Drone  
  36  6:50  Extractor  
  36  6:53  Extractor  
  36  6:54  Drone x3, Evolution Chamber  
  36  6:59  Drone x2  
  36  7:00  Drone  
  39  7:03  Drone  
  39  7:04  Drone  
  41  7:13  Roach Warren  
  41  7:14  Drone  
  41  7:16  Drone  
  41  7:18  Drone  
  43  7:23  Zerg Missile Weapons Level 1  
  43  7:27  Overlord  
  43  7:32  Overlord  
  44  7:37  Drone  
  44  7:49  Drone x2  
  44  7:50  Drone, Overlord x2  
  47  7:53  Glial Reconstitution  
  47  7:54  Roach  
  49  8:03  Roach x3  
  49  8:04  Roach  
  57  8:11  Roach x2  
  61  8:13  Roach  
  63  8:24  Roach x4  
  71  8:30  Overlord  
  71  8:35  Overseer  
  71  8:41  Hatchery  
  70  8:44  Drone  
  70  8:45  Drone  
  70  8:46  Drone  
  73  8:53  Evolution Chamber, Roach x2  
  76  8:58  Overlord  
  76  9:00  Roach  
  78  9:08  Overlord  
  78  9:09  Roach  
  80  9:22  Roach x5, Zerg Missile Weapons Level 2  
  90  9:26  Overlord  
  88  9:33  Zerg Ground Armor Level 1  
  88  9:35  Roach x3  
  94  9:43  Overlord  
  94  9:52  Hatchery  
  93  10:01  Drone  
  93  10:02  Drone x4  
  93  10:03  Drone x2  
  100  10:11  Roach x2  
  100  10:22  Drone x2  
  100  10:28  Roach x3  
  108  10:32  Overlord  
  108  10:33  Hatchery  
  108  10:34  Overlord  
  107  10:49  Overlord  
  107  10:50  Ravager  
  107  10:53  Roach x3  
  114  10:59  Roach  
  114  11:01  Overseer  
  114  11:03  Overlord  
  116  11:04  Roach x3  
  116  11:05  Roach  
  116  11:09  Roach  
  126  11:18  Roach x2  
  130  11:31  Roach x7  
  134  11:38  Roach x2  
  127  11:44  Roach  
  117  11:51  Roach x3  
  119  11:58  Roach x3  
  119  12:01  Roach  
  113  12:10  Roach, Ravager x2  
  113  12:11  Roach x2  
  123  12:15  Roach  
  123  12:16  Roach  
  123  12:18  Ravager x2  
  123  12:19  Ravager  
  123  12:22  Roach x2  
  132  12:23  Roach  
  132  12:26  Roach  
  136  12:31  Roach  
  136  12:32  Overlord  
  138  12:38  Overlord  
  138  12:50  Overlord  
  138  12:52  Roach x4  
  138  12:53  Overseer  
  146  12:59  Roach x4  
  146  13:10  Roach x5  
  126  13:20  Roach x4  
  126  13:23  Roach x2  
  112  13:27  Roach x2  
  112  13:32  Roach x2  
  111  13:38  Roach  
  111  13:39  Roach  
  111  13:46  Roach x4  
  117  13:54  Roach x3  
  117  13:58  Overseer  
  117  14:07  Drone x5  
  117  14:08  Drone x2  
  120  14:11  Extractor x2  
  120  14:16  Roach x2  
  108  14:34  Roach x6  
  110  14:46  Roach x4  
  110  14:49  Drone  
  110  14:50  Drone  
  112  14:53  Drone x2  
  105  15:01  Drone x3  
  102  15:13  Roach x4  
  107  15:17  Ravager  
  107  15:19  Ravager  
  108  15:21  Roach  
  108  15:22  Roach  
  105  15:36  Roach x3  

Tags
 
Add a new tag
Caveats
  • Supply blocks, unpowered buildings, or Contaminate may cause inaccurate times.
  • Supply counts are checked every 10 seconds.